AoeStats
← Erickinio

Marketplace

505118070Analyzed
1v1 RM · 24d ago on Sep 7, 2026· 46m 42s· 2 players
Game mode
Random Map
Map size
Tiny (2 player)
Population
200
Speed
Normal
Resources
Standard
Victory
Conquest
Starting age
Dark Age
Ending age
Imperial Age
RankedLock teamsTeams togetherTeam positionsShared explorationLock speedFull tech treeHidden civsTurbo modeCheats
Victory
Defeat
🇺🇸 Magyars · United States
856
+16
🇦🇷 Celts · Argentina
866
-16
ajax2207
6:46 Loom
9:22 Feudal Age
13:58 Double-Bit Axe
22:17 Fletching
26:07 Castle Age
27:35 Bodkin Arrow
27:54 Padded Archer Armor
34:25 Ballistics
36:56 Bloodlines
36:46 Husbandry
38:02 Murder Holes
Erickinio
6:27 Loom
12:23 Feudal Age
12:28 Man-at-Arms
14:34 Double-Bit Axe
18:18 Arson
25:06 Fletching
28:30 Padded Archer Armor
32:50 Castle Age
31:59 Gold Mining
32:00 Stone Mining
32:54 Pikeman
34:52 Gambesons
36:15 Light Cavalry
36:56 Husbandry
38:18 Husbandry
43:01 Forging
43:29 Wheelbarrow
44:59 Iron Casting
44:26 Scale Mail Armor
46:26 Bodkin Arrow
Connection lost

Rejoining the realm…

Still unreachable

The connection could not be restored.

Session expired

The server has moved on; the page needs a fresh start.